 Dungeon Crawl Stone Soup version 0.24-a0-201-gf205589 (webtiles) character file.

Game seed: 17952259567565973249

18 JuJuBear the Conjurer (level 2, -2/20 HPs)
             Began as a Draconian Conjurer on Mar 22, 2019.
             Slain by a gnoll
             ... wielding a +0 spear
              (9 damage)
             ... on level 2 of the Dungeon on Mar 23, 2019.
             The game lasted 00:15:12 (759 turns).

JuJuBear the Conjurer (Draconian Conjurer)           Turns: 759, Time: 00:15:13

Health: -2/20      AC:  4    Str: 10    XL:     2   Next: 48%
Magic:  5/5        EV: 12    Int: 15    God:
Gold:   65         SH:  0    Dex: 11    Spells: 4/5 levels left

rFire    . . .     SeeInvis +   j - +0 short sword
rCold    . . .     Gourm    .   (no shield)
rNeg     . . .     Faith    .   (armour unavailable)
rPois    .         Spirit   .   (helmet restricted)
rElec    .         Reflect  .   (no cloak)
rCorr    .         Harm     .   (no gloves)
MR       .....                  (no boots)
Stlth    ++........             (no amulet)
HPRegen  0.06/turn              f - ring of see invisible
MPRegen  0.09/turn              (no ring)

@: no status effects
A: unfitting armour, cold-blooded, AC +4
a: no special abilities


You were on level 2 of the Dungeon.
You were not hungry.

You visited 1 branch of the dungeon, and saw 3 of its levels.

You collected 65 gold pieces.

Inventory:

Hand Weapons
 a - a +0 spear of venom
 c - a +0 dagger
 j - a +0 short sword (weapon)
 k - a +0 club
 m - a +0 club
Missiles
 h - 17 stones (quivered)
Jewellery
 f - a ring of see invisible (left hand)
Scrolls
 i - a scroll of identify
Potions
 e - a potion of mutation
 g - a potion of flight {unknown}
 l - 2 potions of brilliance
 n - a potion of haste {unknown}
Comestibles
 b - 2 rations
 d - 5 chunks of flesh


   Skills:
 + Level 0.2 Fighting
 + Level 0.2 Short Blades
 + Level 0.2 Polearms
 + Level 1.8 Dodging
 + Level 1.8 Stealth
 + Level 2.0 Spellcasting
 + Level 4.5 Conjurations


You had 4 spell levels left.
You knew the following spells:

 Your Spells              Type           Power        Failure   Level  Hunger
a - Magic Dart            Conj           ###.         3%          1    #......

Your spell library contained the following spells:

 Spells                   Type           Power        Failure   Level  Hunger
 Searing Ray              Conj           ###...       5%          2    ###....
 Dazzling Spray           Conj/Hex       #.....       26%         3    ###....
 Iskenderun's Mystic Bla  Conj           ###.....     34%         4    #####..
 Force Lance              Conj/Tloc      #.......     65%         4    #####..
 Fulminant Prism          Conj/Hex       #.........   65%         4    #####..


Dungeon Overview and Level Annotations

Branches:
Dungeon (3/15)

Altars:
Hepliaklqana


Innate Abilities, Weirdness & Mutations

Your plain brown scales are hard. (AC +4)
You cannot fit into any form of body armour.
You are cold-blooded and may be slowed by cold attacks.


Message History

a hobgoblin skeleton
There is a stone staircase leading up here.
You climb upwards.
There is a stone staircase leading down here.
A gnoll comes into view. It is wielding a +0 spear.
The gnoll moves out of view.
The gnoll hits you with a +0 spear.
You barely miss the gnoll. The gnoll closely misses you.
You hit the gnoll but do no damage. The gnoll hits you with a +0 spear!
* * * LOW HITPOINT WARNING * * *
You are too injured to fight recklessly!
You are too injured to fight recklessly!
The gnoll barely misses you.
You are too injured to fight recklessly!
A gnoll comes into view. It is wielding a +0 flail.
The gnoll closely misses you.
The gnoll shouts!
The gnoll closely misses you. The gnoll hits you with a +0 spear!
You die...

#..#
#..#
#..###
#....#
#....#
#....#
#....#
##..##
##@g#
#...#
#...#
#g#.#
#.#.#
.##.#.#
....#.#
##
..####.#
#. ..##
#.#


You could see 2 gnolls.

Vanquished Creatures
  A leopard gecko (D:1)
  2 goblins
  4 hobgoblins
  A jackal (D:1)
  A ball python (D:2)
  4 bats (D:1)
  A frilled lizard (D:1)
  2 rats (D:1)
16 creatures vanquished.

Notes
Turn   | Place    | Note
-------+----------+-------------------------------------------
     0 | D:1      | JuJuBear the Draconian Conjurer began the quest for the
                  | Orb.
     0 | D:1      | Reached XP level 1. HP: 14/14 MP: 3/3
   328 | D:1      | Reached XP level 2. HP: 20/20 MP: 5/5
   649 | D:2      | Found a hazy altar of Hepliaklqana.
   759 | D:2      | Slain by a gnoll

Levels and vault maps discovered:
D:1:      lightli_arrival_statue_moat, layout_basic, serial_corexii_hall,
          chequers_hall_statues_y, corexii_hall_statues_l,
          corexii_hall_statues_i, chequers_hall_statues_y
D:2:      layout_rooms, gammafunk_temple_overflow_statue,
          nicolae_overflow_hidden_temple, chequers_serial_rivers_micro_b,
          minmay_shallow_snake_nest
D:3:      layout_basic, evilmike_ruin_ashenzari,
          gammafunk_temple_overflow_pools, minmay_liquid_box

Action                   || total
-------------------------++-------
Melee: Spear             ||    26
       Tailslap          ||     4
       Short sword       ||    20
  Use: Scroll            ||     2
 Stab: Sleeping          ||     1
Armor: Skin              ||    13
Dodge: Dodged            ||    47

Table legend:
 A = Non-vault XP
 B = Vault XP
 C = Vault XP percentage of total XP
 D = Non-vault monster count
 E = Vault monster count
 F = Vault count percentage of total count
                 A         B        C        D         E       F
            +---------+---------+-------+---------+---------+-------
      Total |      26 |       0 |   0.0 |      16 |       0 |   0.0
            +---------+---------+-------+---------+---------+-------
        D:1 |      17 |       0 |   0.0 |      11 |       0 |   0.0
        D:2 |       5 |       0 |   0.0 |       3 |       0 |   0.0
        D:3 |       4 |       0 |   0.0 |       2 |       0 |   0.0
            +---------+---------+-------+---------+---------+-------
